 Dungeon Crawl Stone Soup version 0.31-a0-889-g1a8549509d (webtiles) character file.

Game seed: 13396439518441340848

2701 Error4North the Ruffian (level 9, -5/74 HPs)
             Began as a Yellow Draconian Shapeshifter on Oct 17, 2023.
             Was a Follower of Wu Jian.
             Slain by an orc warrior
             ... wielding a +0 halberd
              (11 damage)
             ... in a bailey.
             The game lasted 00:35:23 (6269 turns).

Error4North the Ruffian (DrSh)                      Turns: 6269, Time: 00:35:23

Health: -5/74      AC:  7    Str: 21    XL:     9   Next: 38%
Magic:  0/9        EV: 13    Int: 10    God:    Wu Jian [*.....]
Gold:   1281       SH:  0    Dex: 11    Spells: 8/8 levels left

rFire   . .          .
                       - Unarmed
rCold   . . .        (no shield)
rNeg    . . .        (body armour unavailable)
rPois   .            (helmet currently unavailable)
rElec   .            (cloak currently unavailable)
rCorr   +            t - melded +2 pair of gloves
SInv    .            (boots currently unavailable)
Will    ++...        q - amulet of guardian spirit
Stlth   ++           o - ring of willpower
HPRegen 0.32/turn    h - ring of flight
MPRegen 0.11/turn

%: guardian spirit
@: short of breath, beast-form, flying
A: beast (slay +3), spit acid, AC +7, unfitting armour, cold-blooded, acid
resistance, antennae 1, stinger 1, strong-willed 1
a: Breathe Acid, Begin Untransformation, Renounce Religion


You were in a bailey.
You worshipped Wu Jian.
Wu Jian was aware of your devotion.
You were a hulking beast.
You visited 2 branches of the dungeon, and saw 8 of its levels.
You also visited: Bailey.

You collected 1281 gold pieces.

Inventory:

Missiles
 f - a poisoned dart (quivered)
 m - 5 datura-tipped darts
Armour
 t - a +2 pair of gloves (melded)
Jewellery
 h - a ring of flight (right hand)
 o - a ring of willpower (left hand)
 q - an amulet of guardian spirit (around neck)
Talismans
 b - a beast talisman (active)
 c - a flux talisman
Wands
 r - a wand of polymorph (12)
Scrolls
 d - a scroll of vulnerability {unknown}
 e - a scroll of fear
 g - a scroll of amnesia {unknown}
 k - 8 scrolls of identify {unknown}
 l - a scroll of blinking {unknown}
 p - a scroll of fog {unknown}
 u - a scroll of revelation {unknown}
Potions
 a - 5 potions of lignification
 n - a potion of curing
 v - 2 potions of enlightenment


   Skills:
 * Level 5.1 Fighting
 + Level 2.0 Throwing
 * Level 5.4 Dodging
 + Level 2.3 Stealth
 + Level 7.9 Unarmed Combat
 * Level 2.6 Evocations
 * Level 6.2 Shapeshifting


You had 8 spell levels left.
You didn't know any spells.
Your spell library was empty.

Dungeon Overview and Level Annotations

Branches:
Dungeon (7/15)             Temple (1/1) D:6          Bailey (1/1)

Altars:
Ashenzari
Dithmenos
Elyvilon
Fedhas
Gozag
Hepliaklqana
Makhleb
Nemelex Xobeh
Qazlal
Sif Muna
Trog
Uskayaw
Vehumet
Wu Jian
Xom
Yredelemnul
Zin
The Shining One

Shops:
D:1 (   D:7 [


Innate Abilities, Weirdness & Mutations

You are a hulking beast.
Your limbs bulge with bestial killing power. (Slay +3)
You can spit globs of acid.
Your golden yellow scales are hard. (AC +7)
You cannot fit into any form of body armour.
You are cold-blooded and may be slowed by cold attacks.
You are resistant to acid. (rCorr)
You have a pair of small antennae on your head.
Your tail ends in a venomous barb.
You are strong-willed. (Will+)


Message History

The orc warrior closely misses you.
You lunge at the orc warrior.
You punch the orc warrior!
The orc warrior is severely wounded.
The orc barely misses you. The orc warrior closely misses you.
The orc misses you.
The orc warrior hits you from afar with a +0 glaive!
The orc warrior closely misses you. The orc warrior barely misses you.
There is an open door, spattered with blood here.
Things that are here:
a +0 hand axe; an orc corpse The orc hits you from afar with a +0 halberd.
The orc warrior barely misses you.
The orc warrior hits you from afar with a +0 halberd!
You feel better. The orc barely misses you. The orc warrior misses you.
The orc warrior hits you from afar with a +0 halberd.
As you read the scroll of fear, it crumbles to dust.
You assume a fearsome visage.
The orc looks frightened! x2
The orc warrior looks frightened! x2; The orc looks frightened!
The orc warrior looks frightened! x2
The orc warrior hits you with a +0 halberd!
* * * LOW HITPOINT WARNING * * *
There is an open door, spattered with blood here.
Things that are here:
a +0 hand axe; an orc corpse You punch the orc!
You kill the orc!
The Council accepts your kill. The orc warrior closely misses you.
You barely miss the orc.
The orc warrior howls, "Help!"; The orc pleads, "Please don't kill me!"
The orc hits you with a +0 war axe.
* * * LOW HITPOINT WARNING * * *
The orc warrior hits you with a +0 halberd!
* * * LOW HITPOINT WARNING * * *
You feel better. The orc hits you but does no damage.
The orc warrior hits you from afar with a +0 halberd!
* * * LOW HITPOINT WARNING * * *
The orc warrior attacks as it pursues you!
The orc warrior hits you from afar with a +0 halberd!
You die...

#..#.#).#
#...))).#
#...))..#
#...)...#
##.....##
###'###
#...#
#...#
#.h.#
#.o.#
###o###
#..)..#
#.......#
#..#8#..#
#..#.#..#
#.......#
#o.....o#


You could see an orc warrior and an orc.

Vanquished Creatures
  An ice beast (D:6)
  2 orc warriors (D:6)
  A black bear (D:5)
  2 ogres
  3 centaurs (D:5)
  5 phantoms
  A bullfrog (D:5)
  5 scorpions
  2 wights (D:7)
  A howler monkey (D:5)
  A centaur zombie (D:4)
  7 orc priests
  7 hounds
  A scorpion zombie (D:4)
  Jessica (D:2)
  A bullfrog skeleton (D:4)
  2 sleepcaps
  4 orc wizards
  4 iguanas
  A hound zombie (D:4)
  7 adders
  A white imp (D:4)
  3 ufetubi
  An adder skeleton (D:4)
  4 adder zombies (D:4)
  2 worms (D:3)
  A dart slug (D:4)
  43 orcs
  6 endoplasms
  2 giant cockroaches
  8 goblins
  6 hobgoblins
  4 jackals (D:3)
  4 quokkas
  9 ball pythons
  9 bats
  A frilled lizard (D:3)
  5 kobolds
  5 rats
173 creatures vanquished.

Notes
Turn   | Place    | Note
-------+----------+-------------------------------------------
     0 | D:1      | Error4North the Draconian Shapeshifter began the quest for
                  | the Orb.
     0 | D:1      | Reached XP level 1. HP: 16/16 MP: 1/1
   121 | D:1      | Reached XP level 2. HP: 23/23 MP: 2/2
   126 | D:1      | Found a faded altar of an unknown god.
   413 | D:1      | Found Upacha's Antique Weapon Emporium.
   520 | D:2      | Found a stormy altar of Qazlal.
   636 | D:2      | Reached XP level 3. HP: 23/28 MP: 3/3
   718 | D:2      | Noticed Jessica
   727 | D:2      | Gained mutation: Your tail ends in a venomous barb. [potion
                  | of mutation]
   727 | D:2      | Gained mutation: You have a pair of small antennae on your
                  | head. [potion of mutation]
   727 | D:2      | Gained mutation: You are strong-willed. (Will+) [potion of
                  | mutation]
   729 | D:2      | Killed Jessica
   734 | D:2      | Reached XP level 4. HP: 24/36 MP: 4/4
   847 | D:2      | Reached skill level 4 in Unarmed Combat
  1169 | D:3      | Reached skill level 1 in Throwing
  1169 | D:3      | Reached XP level 5. HP: 40/41 MP: 5/5
  1366 | D:3      | Found a hazy altar of Hepliaklqana.
  2099 | D:4      | Reached XP level 6. HP: 23/50 MP: 6/6
  2388 | D:4      | Reached skill level 5 in Unarmed Combat
  2488 | D:4      | Reached skill level 1 in Stealth
  2488 | D:4      | Your scales start taking on a golden yellow colour.
  2488 | D:4      | Reached XP level 7. HP: 44/57 MP: 7/7
  2488 | D:4      | Gained mutation: You are resistant to acid. (rCorr) [Yellow
                  | Draconian growth]
  2734 | D:4      | Found a glowing golden altar of the Shining One.
  3238 | D:5      | Entered Level 5 of the Dungeon
  3479 | D:5      | Reached skill level 6 in Unarmed Combat
  3494 | D:5      | Reached skill level 5 in Shapeshifting
  3524 | D:5      | Reached XP level 8. HP: 60/66 MP: 8/8
  4157 | D:5      | Reached skill level 7 in Unarmed Combat
  4779 | D:6      | Found a staircase to the Ecumenical Temple.
  4788 | Temple   | Entered the Ecumenical Temple
  4797 | Temple   | Became a worshipper of the Wu Jian Council
  4816 | D:6      | Reached skill level 1 in Evocations
  5012 | D:6      | Found a hide-covered altar of Uskayaw.
  5228 | D:6      | Identified a scroll of acquirement
  5228 | D:6      | Acquired 844 gold pieces
  5415 | D:6      | Reached XP level 9. HP: 72/73 MP: 7/9
  5552 | D:6      | Found a bloodstained altar of Trog.
  5602 | D:6      | Reached skill level 5 in Dodging
  5942 | D:7      | Reached skill level 5 in Fighting
  5991 | D:7      | Reached * piety under Wu Jian
  6053 | D:7      | Found Nesimufo's Antique Armour Shoppe.
  6094 | D:7      | Found a flagged portal.
  6100 | Bailey   | Entered a bailey
  6269 | Bailey   | Slain by an orc warrior

Illustrated notes

Levels and vault maps discovered:
D:1:      onia_arrival_pyramid, layout_rooms, serial_bayou, serial_bayou_pond_e,
          serial_bayou_pond_e, serial_bayou_ford_a, serial_bayou_pond_d,
          serial_shops, nicolae_lakefront_shop, ebering_ecumenical_altar_box,
          hangedman_decor_riveting
D:2:      layout_rooms, basic_altar, uniq_jessica
D:3:      layout_basic, lemuel_crystal_altar, minmay_divided_ellipse
D:4:      layout_loops_ring, tso_metal_star, serial_undead, serial_undead_f,
          serial_undead_a, serial_undead_b, serial_undead_e,
          kennysheep_small_spiral
D:5:      layout_loops_corners, kennysheep_pointless_box, chequers_big_river,
          minmay_fractal_squares_5
D:6:      layout_gridville, kennysheep_mini, lightli_temple_of_fire,
          temple_fountains
D:7:      layout_layer_cave, serial_shops, kennysheep_little_box,
          enter_bailey_4, eino_jars
Temple:   compressed_dpeg_circular_temple
Bailey:   bailey_polearm_5, bailey

Skill      XL: |  1  2  3  4  5  6  7  8  9 |
---------------+----------------------------+-----
Dodging        | 2 3 4 5 |  5.4
Unarmed Combat | 4 5 6 7 |  7.9
Fighting       | 2 3 4 5 |  5.1
Throwing       | 1 2 |  2.0
Shapeshifting  | 4 5 6 |  6.2
Stealth        | 1 2 |  2.3
Evocations     | 1 2 |  2.6

Action                     |  1- 3 |  4- 6 |  7- 9 || total
---------------------------+-------+-------+-------++-------
  Melee: Unarmed           |    76 |   143 |   240 ||   459
         Tailslap          |     8 |    19 |    37 ||    64
         Punch             |       |     4 |     7 ||    11
  Throw: Dart              |    13 |    18 |    12 ||    43
Ability: Breathe Acid      |       |       |    20 ||    20
         Lunge             |       |       |    16 ||    16
         Whirlwind         |       |       |     7 ||     7
    Use: Potion            |     2 |     5 |     6 ||    13
         Scroll            |       |       |     5 ||     5
   Stab: Sleeping          |       |     1 |     1 ||     2
         Fleeing           |       |       |     1 ||     1
 Armour: Skin              |    47 |    95 |   191 ||   333
  Dodge: Dodged            |    52 |    97 |   178 ||   327
         Form:             |       |       |     1 ||     1
         Beast             |       |       |     1 ||     1

Table legend: (Time is in decaauts)
 A = Elapsed time spent in this place.
 B = Non-inter-level travel time spent in this place.
 C = Inter-level travel time spent in this place.
 D = Time resting spent in this place.
 E = Time spent auto-exploring this place.
 F = Levels seen in this place.
 G = Mean time per level.
                   A        B        C        D        E       F      G
               +--------+--------+--------+--------+--------+-----+--------+
         Total |   6231 |   5963 |    268 |    702 |   3470 |   9 |  692.3 |
       Dungeon |   6044 |   5776 |    268 |    603 |   3470 |   7 |  863.4 |
        Temple |     19 |     19 |      0 |      0 |      0 |   1 |   19.0 |
        Bailey |    166 |    166 |      0 |     99 |      0 |   1 |  166.0 |
               +--------+--------+--------+--------+--------+-----+--------+

Top non-repeatable levels by time:
     D:5: 1409 daAuts
     D:6: 1204 daAuts
     D:4: 1166 daAuts
     D:3: 1003 daAuts
     D:1: 536 daAuts
     D:2: 511 daAuts
     D:7: 213 daAuts
  Bailey: 166 daAuts
  Temple: 19 daAuts
